 Dungeon Crawl Stone Soup version 0.29.0-15-g675c0067aa (webtiles) character file.

Game seed: 8483145743985118006

8171 experimilk the Grappler (level 11, -2/105 HPs)
             Began as a Troll Gladiator on Sept 11, 2022.
             Was a Believer of Ru.
             Slain by a six-headed hydra (8 damage)
             ... on level 1 of the Lair of Beasts.
             The game lasted 00:34:20 (12726 turns).

experimilk the Grappler (Troll Gladiator)          Turns: 12726, Time: 00:34:21

Health: -2/105     AC:  7    Str: 32    XL:     11   Next: 6%
Magic:  10/10      EV: 10    Int:  4    God:    Ru [**....]
Gold:   299        SH:  0    Dex: 11    Spells: 10/10 levels left

rFire   . . .      SeeInvis .   H - +2 hand axe (flame)
rCold   . . .      Faith    .   (no shield)
rNeg    . . .      Spirit   .   a - +0 robe
rPois   .          Reflect  .   b - +1 hat
rElec   .          Harm     .   B - +1 cloak
rCorr   .          Rampage  .   (gloves unavailable)
Will    .....                   (boots unavailable)
Stlth   +.........              D - amulet of regeneration
HPRegen 1.87/turn               q - +6 ring of strength
MPRegen 0.12/turn               (no ring)

@: no status effects
A: large, unfitting armour, claws 3, regeneration 1, shaggy fur 1, tough skin 1,
weak 1, inability to train armour
a: Renounce Religion


You were on level 1 of the Lair of Beasts.
You worshipped Ru.
Ru was pleased with you.
You visited 2 branches of the dungeon, and saw 11 of its levels.

You collected 352 gold pieces.
You spent 53 gold pieces at shops.

Inventory:

Hand Weapons
 H - a +2 hand axe of flaming (weapon)
Missiles
 c - 3 throwing nets
 d - 4 large rocks
 i - 77 stones
 m - 2 silver boomerangs
 t - 4 boomerangs (quivered)
Armour
 a - a +0 robe (worn)
 b - a +1 hat (worn)
 B - a +1 cloak (worn)
Jewellery
 q - a +6 ring of strength (left claw)
 s - a ring of ice
 D - an amulet of regeneration (around neck)
 E - an amulet of reflection
Wands
 r - a wand of roots (13)
 v - a wand of polymorph (13)
 w - a wand of charming (14)
Scrolls
 h - 2 scrolls of vulnerability
 j - 3 scrolls of amnesia
 k - 3 scrolls of teleportation
 o - 3 scrolls of immolation
 p - a scroll of fear
 x - 2 scrolls of poison
 y - a scroll of blinking {unknown}
 z - a scroll of butterflies
 A - a scroll of enchant weapon
 C - 2 scrolls of brand weapon {unknown}
 I - a scroll of identify
Potions
 e - a potion of might
 f - 5 potions of curing
 g - 2 potions of brilliance
 l - 2 potions of berserk rage
 n - 3 potions of heal wounds
 u - 2 potions of cancellation
 F - a potion of flight {unknown}
Miscellaneous
 G - a phial of floods


   Skills:
 + Level 6.2 Fighting
 - Level 9.0 Throwing
 + Level 3.4 Dodging
 * Level 12.3 Unarmed Combat


You had 10 spell levels left.
You didn't know any spells.
Your spell library contained the following spells:

 Spells                   Type           Power      Damage    Failure   Level
 Conjure Flame            Conj/Fire      0%         6-21      86%         3
 Ignite Poison            Fire/Tmut/Pois 0%         N/A       86%         3
 Stone Arrow              Conj/Erth      0%         3d7       86%         3
 Summon Guardian Golem    Hex/Summ       0%         N/A       86%         3
 Animate Armour           Summ/Erth      0%         N/A       99%         4
 Hailstorm                Conj/Ice       0%         3d3       99%         4
 Ice Form                 Ice/Tmut       0%         N/A       99%         4
 Sticky Flame             Conj/Fire      0%         2d3       99%         4
 Lee's Rapid Deconstruct  Erth           0%         3d5*      100%        5
 Iron Shot                Conj/Erth      0%         9d1       100%        6
 Simulacrum               Ice/Necr       0%         N/A       100%        6
 Lehudib's Crystal Spear  Conj/Erth      0%         10d2      100%        8


Dungeon Overview and Level Annotations

Branches:
Dungeon (10/15)            Temple (0/1) D:5            Lair (1/5) D:8
    Orc (0/2) D:10

Altars:
Fedhas
Hepliaklqana
Makhleb
Qazlal
Ru
Sif Muna

Shops:
D:2 (   D:3 :   D:8 (   D:10 ([

Annotations:
D:3 1 runed translucent door, Lynora's ghost, weakling DgCj
D:9 exclusion: oklob plant


Innate Abilities, Weirdness & Mutations

You are too large for most types of armour.
You have claws for hands.
Your natural rate of healing is unusually fast.
You are covered in fur. (AC +1)
You have tough skin. (AC +1)
You are weak. (Str -2)
You cannot train Armour skill.


Message History

l - 2 potions of berserk rage (gained 1)
Found a chain mail.
An eight-headed hydra comes into view.
Your +2 hand axe of flaming bursts into flame!
H - a +2 hand axe of flaming (weapon)
The eight-headed hydra bites you. x2; The eight-headed hydra bites you!
The eight-headed hydra bites you but does no damage.
The eight-headed hydra completely misses you.
The eight-headed hydra bites you but does no damage.
The eight-headed hydra bites you!
The eight-headed hydra closely misses you.
You lop one of the eight-headed hydra's heads off!
The flame cauterises the wound!
You slash the seven-headed hydra! You burn the seven-headed hydra.
The seven-headed hydra is moderately wounded.
You slash the fungus!
The fungus begins to die.
You burn the fungus. The seven-headed hydra bites you.
The seven-headed hydra misses you. The seven-headed hydra bites you! x4
The seven-headed hydra barely misses you.
You hit the seven-headed hydra. You burn the seven-headed hydra.
The seven-headed hydra is moderately wounded.
You hit the fungus but do no damage.
The seven-headed hydra is stunned by your conviction and fails to attack.
The seven-headed hydra closely misses you.
The seven-headed hydra bites you.
The seven-headed hydra barely misses you.
The seven-headed hydra bites you. x2
* * * LOW HITPOINT WARNING * * *
The seven-headed hydra bites you!
* * * LOW HITPOINT WARNING * * *
The seven-headed hydra closely misses you.
You chop one of the seven-headed hydra's heads off!
The flame cauterises the wound!
You hit the six-headed hydra. You burn the six-headed hydra.
The six-headed hydra is moderately wounded.
You slash the fungus! You burn the fungus.
A nearby fungus withers and dies.
The six-headed hydra barely misses you. The six-headed hydra bites you!
* * * LOW HITPOINT WARNING * * *
The six-headed hydra bites you!
You die...

##...............P..
#...................
#...................
#...................
##...................
#....................
#...................
##...................
#..D@................
#.#.................#
##.###...............#
#..# #.............##
##.## .............#
##..## #...........##
#### ##...P#
.#........##
#..####....##
###.......####
##.........#
##.....##.##


You could see a six-headed hydra.

Vanquished Creatures
  A two-headed ogre (D:9)
  A cane toad (Lair:1)
  A komodo dragon (D:10)
  4 blink frogs (Lair:1)
  A wraith (D:10)
  A basilisk (Lair:1)
  4 yaks (D:9)
  2 wyverns (D:9)
  3 steam dragons
  Menkaure (D:7)
  Edmund (D:5)
  2 water moccasins
  2 sky beasts (D:6)
  2 ice beasts
  4 orc warriors
  An ogre (D:4)
  5 wolves (Lair:1)
  2 centaurs
  2 phantoms
  A kobold brigand (D:9)
  5 bullfrogs
  A necrophage (D:6)
  A gnoll sergeant (D:9)
  3 scorpions
  5 wights (D:8)
  23 killer bees
  A howler monkey (D:9)
  A lava snake (D:8)
  3 hounds
  4 jellies
  3 orc priests (D:7)
  2 iguanas
  Natasha (thrice) (D:2)
  2 orc wizards
  Robin (D:2)
  5 gnolls (D:9)
  9 adders
  3 white imps
  A dart slug (D:2)
  21 orcs
  6 endoplasms
  15 goblins
  9 hobgoblins
  4 jackals (D:2)
  8 kobolds
  5 quokkas
  10 ball pythons
  5 bats
  2 frilled lizards
  5 rats
207 creatures vanquished.

Vanquished Creatures (others)
  2 fungi (Lair:1)
  A plant (Lair:1)
3 creatures vanquished.

Grand Total: 210 creatures vanquished

Notes
Turn   | Place    | Note
-------+----------+-------------------------------------------
     0 | D:1      | experimilk the Troll Gladiator began the quest for the Orb.
     0 | D:1      | Reached XP level 1. HP: 19/19 MP: 0/0
   269 | D:1      | Reached XP level 2. HP: 26/27 MP: 1/1
  1349 | D:2      | Noticed Natasha
  1355 | D:2      | Killed Natasha
  1356 | D:2      | Reached skill level 4 in Unarmed Combat
  1356 | D:2      | Reached XP level 3. HP: 24/33 MP: 2/2
  1475 | D:2      | Noticed Natasha
  1478 | D:2      | Killed Natasha
  1479 | D:2      | Reached XP level 4. HP: 33/41 MP: 3/3
  1695 | D:2      | Noticed Robin
  2081 | D:2      | Noticed Natasha
  2087 | D:2      | Killed Natasha
  2088 | D:2      | Reached skill level 5 in Unarmed Combat
  2211 | D:2      | Killed Robin
  2212 | D:2      | Reached XP level 5. HP: 48/48 MP: 4/4
  2624 | D:2      | Found Acrynn's Weapon Boutique.
  2628 | D:2      | Bought 4 boomerangs for 24 gold pieces
  2709 | D:3      | Found Lowack's Vocational Training.
  2903 | D:3      | Found a hazy altar of Hepliaklqana.
  2929 | D:3      | Found a runed translucent door.
  3387 | D:3      | Noticed Lynora's ghost (weakling DgCj)
  5029 | D:4      | Noticed an ogre
  5040 | D:4      | Killed an ogre
  5041 | D:4      | Reached skill level 6 in Unarmed Combat
  5041 | D:4      | Reached XP level 6. HP: 55/55 MP: 5/5
  5313 | D:4      | Found a sacrificial altar of Ru.
  5336 | D:4      | Became a worshipper of Ru the Awakened
  5484 | D:5      | Entered Level 5 of the Dungeon
  5869 | D:5      | Found a staircase to the Ecumenical Temple.
  6006 | D:5      | Noticed Edmund
  6014 | D:5      | Killed Edmund
  6015 | D:5      | Reached skill level 5 in Throwing
  6015 | D:5      | Reached XP level 7. HP: 58/62 MP: 6/6
  6965 | D:6      | Gained mutation: You are weak. (Str -2) [Ru sacrifice]
  7023 | D:6      | Reached XP level 8. HP: 66/74 MP: 7/7
  7051 | D:6      | Reached skill level 7 in Unarmed Combat
  7154 | D:6      | Found a shimmering blue altar of Sif Muna.
  7471 | D:7      | Noticed Menkaure
  7473 | D:7      | Killed Menkaure
  7474 | D:7      | Reached skill level 8 in Unarmed Combat
  8203 | D:7      | Reached XP level 9. HP: 53/81 MP: 8/8
  8213 | D:7      | Reached skill level 9 in Unarmed Combat
  8417 | D:8      | Found a staircase to the Lair.
  8435 | D:8      | Found Yddo's Weapon Shop.
  8557 | D:8      | Found a burning altar of Makhleb.
  9616 | D:9      | Noticed a two-headed ogre
  9624 | D:9      | Killed a two-headed ogre
  9625 | D:9      | Reached skill level 10 in Unarmed Combat
  9625 | D:9      | Reached XP level 10. HP: 86/92 MP: 9/9
  9647 | D:9      | Got the Directory of Curses and Grit
  9825 | D:10     | Entered Level 10 of the Dungeon
 10312 | D:9      | Gained mutation: You cannot train Armour skill. [Ru
                  | sacrifice]
 10312 | D:9      | Reached * piety under Ru
 10312 | D:9      | Reached ** piety under Ru
 10482 | D:9      | Reached skill level 11 in Unarmed Combat
 10535 | D:9      | Found a stormy altar of Qazlal.
 10751 | D:9      | Reached skill level 5 in Fighting
 10880 | D:9      | Found a blossoming altar of Fedhas.
 10900 | D:9      | Noticed an oklob plant
 11571 | D:10     | Found Sionev's Armour Emporium.
 11571 | D:10     | Found a staircase to the Orcish Mines.
 11830 | D:10     | Found Alomawk's Weapon Emporium.
 11849 | D:10     | Bought 3 large rocks for 29 gold pieces
 11973 | Lair:1   | Entered Level 1 of the Lair of Beasts
 12021 | Lair:1   | Reached skill level 12 in Unarmed Combat
 12146 | Lair:1   | Noticed a cane toad
 12155 | Lair:1   | Killed a cane toad
 12156 | Lair:1   | Reached XP level 11. HP: 75/105 MP: 10/10
 12719 | Lair:1   | Noticed an eight-headed hydra
 12726 | Lair:1   | Slain by a six-headed hydra

Illustrated notes

Levels and vault maps discovered:
D:1:      minmay_arrival_four_circles, layout_loops_ring, roderic_lattice_a,
          minmay_misc_feat_chi
D:2:      layout_basic, serial_shops, shop, minmay_quadrilaterals, uniq_natasha,
          uniq_robin
D:3:      layout_basic, general_overflow_altar, ebering_ghost_reflecting_pool,
          corner_web_ring, nicolae_shop_vocational
D:4:      layout_layer_cave, nicolae_ru_awakened_eye
D:5:      layout_loops_corners, minmay_temple_entry_offerings, st_stairs_5,
          uniq_edmund
D:6:      layout_cave_pools, marbit_many_paths, kennysheep_generic_room_9
D:7:      layout_gridville, uniq_menkaure
D:8:      layout_basic, mainiacjoe_overflow_paths, lair_entry_dummy,
          serial_shops, nicolae_diamond_shop, serial_glass, glass_columns_a,
          glass_columns_b, glass_columns_a, glass_columns_a, glass_columns_a,
          glass_columns_b, glass_columns_a, glass_columns_b,
          kennysheep_opposing_triangles
D:9:      layout_basic, tgw_fedhas, grunt_qazlal_clouds
D:10:     kennysheep_blocky_hall, layout_loops_ring, tso_metal_star,
          lemuel_coloured_pillars_altar, orc_david_3, uniq_fannar
Lair:1:   layout_cave_pods

Skill      XL: |  1  2  3  4  5  6  7  8  9 10 |
---------------+-------------------------------+-----
Throwing       | 2 3 4 5 6 7 9 |  9.0
Unarmed Combat | 4 5 6 8 10 12 | 12.3
Fighting       | 2 3 4 6 |  6.2
Dodging        | 3 |  3.4

Action                   |  1- 3 |  4- 6 |  7- 9 | 10-12 || total
-------------------------+-------+-------+-------+-------++-------
Melee: Unarmed           |    56 |   162 |   219 |   155 ||   592
       Punch             |     1 |     4 |    10 |    11 ||    26
       Hand axe          |       |       |       |     3 ||     3
Throw: Boomerang         |       |    18 |    77 |    50 ||   145
       Stone             |       |     2 |       |       ||     2
       Large rock        |       |     1 |     2 |     3 ||     6
Invok: Sacrifice Purity  |       |       |     1 |       ||     1
       Sacrifice Durabil |       |       |       |     1 ||     1
Evoke: Wand              |       |       |     1 |       ||     1
  Use: Scroll            |     3 |    14 |     3 |     1 ||    21
       Potion            |       |     3 |     2 |     1 ||     6
 Stab: Sleeping          |       |     2 |       |       ||     2
Armor: Robe              |    18 |    46 |    61 |    44 ||   169
Dodge: Dodged            |    28 |    72 |    88 |    91 ||   279
